 Dungeon Crawl Stone Soup version 0.19-a0-1126-g0490cf6 (webtiles) character file.

12054 Trailerpark the Covert (level 11, 0/73 HPs)
             Began as a Vampire Enchanter on Aug 12, 2016.
             Was a Follower of Uskayaw.
             Slain by a wraith (5 damage)
             ... led by a death knight
             ... on level 11 of the Dungeon.
             The game lasted 00:36:01 (15439 turns).

Trailerpark the Covert (Vampire Enchanter)         Turns: 15439, Time: 00:36:01

Health: 0/73       AC:  7    Str:  8    XL:     11   Next: 57%
Magic:  2/26       EV: 20    Int: 19    God:    Uskayaw [*.....]
Gold:   543        SH:  0    Dex: 16    Spells: 4 memorised, 3 levels left

rFire  . . .     SeeInvis +     v - +3 dagger (venom)
rCold  + + .     Gourm    .     b - +1 robe
rNeg   + + +     Faith    .     (no shield)
rPois  +         Spirit   .     A - +0 helmet
rElec  .         Dismiss  +     l - +0 cloak
rCorr  .         Reflect  .     D - +0 pair of gloves
SustAt .         Harm     .     m - +0 pair of boots
MR     +....                    i - amulet of dismissal
Stlth  ++++++....               (no ring)
                                k - ring of magical power

@: regenerating slowly, slowed, very slow
A: fangs 3, see invisible, unbreathing
a: Bat Form, Stomp, Renounce Religion


You were on level 11 of the Dungeon.
You worshipped Uskayaw.
Uskayaw was aware of your devotion.
You were near bloodless.

You visited 2 branches of the dungeon, and saw 13 of its levels.

You collected 543 gold pieces.

Inventory:

Hand Weapons
 v - a +3 dagger of venom (weapon)
Armour
 b - a +1 robe (worn)
 l - a +0 cloak (worn)
 m - a +0 pair of boots (worn)
 A - a +0 helmet (worn)
 D - a +0 pair of gloves (worn)
Jewellery
 i - an amulet of dismissal (around neck)
 k - a ring of magical power (left hand)
 M - an uncursed ring of stealth
Wands
 a - a wand of disintegration (15/24)
 G - a wand of flame (20/48)
 L - a wand of confusion (19/48)
Scrolls
 e - 4 scrolls of fear {unknown}
 g - 3 scrolls of enchant armour
 n - 2 scrolls of noise {unknown}
 p - 2 scrolls of magic mapping {unknown}
 q - 2 scrolls of random uselessness {unknown}
 r - 2 scrolls of recharging {unknown}
 t - 3 scrolls of identify
 u - 9 scrolls of teleportation {unknown}
 y - 6 scrolls of amnesia
 C - 3 scrolls of remove curse
 E - a scroll of immolation {unknown}
 H - 2 scrolls of vulnerability {unknown}
 I - 2 scrolls of blinking {unknown}
Potions
 d - 11 potions of blood
 f - a potion of cure mutation {unknown}
 h - a potion of degeneration {unknown}
 j - 3 potions of heal wounds
 o - a potion of might {unknown}
 s - 2 potions of lignification {unknown}
 w - a potion of brilliance {unknown}
 x - 3 potions of curing
 z - 3 potions of mutation {unknown}
 B - 2 potions of berserk rage {unknown}
 F - a potion of invisibility {unknown}
 J - a potion of haste {unknown}
Books
 c - a book of Maledictions

   Spells                             Type                      Level
   a - Corona                         Hexes                        1
   b - Ensorcelled Hibernation        Hexes/Ice                    2
   c - Confuse                        Hexes                        3
   d - Tukima's Dance                 Hexes                        3
   e - Dazzling Spray                 Conjuration/Hexes            3
 K - an Akashic Record

   Spells                             Type                      Level
   a - Dispersal                      Translocation                6
   b - Malign Gateway                 Summoning/Translocation      7
   c - Disjunction                    Translocation                8
   d - Controlled Blink               Translocation                8


   Skills:
 - Level 2.4 Fighting
 - Level 9.1 Short Blades
 - Level 11.1 Dodging
 + Level 11.2 Stealth
 - Level 2.0 Spellcasting
 - Level 8.1 Hexes
 - Level 9.3 Invocations


You had 3 spell levels left.
You knew the following spells:

 Your Spells              Type           Power        Failure   Level  Hunger
a - Ensorcelled Hibernat  Hex/Ice        ###...       6%          2    ###....
b - Confuse               Hex            ####....     1%          3    ###....
d - Tukima's Dance        Hex            ####....     1%          3    ###....
e - Dazzling Spray        Conj/Hex       ###...       12%         3    ###....


Dungeon Overview and Level Annotations

Branches:
Dungeon (12/15)            Temple (1/1) D:7            Lair (0/6) D:9
    Orc: D:9-12

Altars:
Ashenzari
Cheibriados
Dithmenos
Elyvilon
Fedhas
Gozag
Hepliaklqana
Kikubaaqudgha
Makhleb
Nemelex Xobeh
Okawaru
Pakellas
Qazlal
Ru
Sif Muna
Trog
Uskayaw
Vehumet
Xom
Yredelemnul
Zin
The Shining One

Shops:
D:8 ?   D:10 }


Innate Abilities, Weirdness & Mutations

You heal slowly.
You have razor-sharp teeth.
You have supernaturally acute eyesight. (SInv)
You can survive without breathing.


Message History

The wraith is moderately damaged.
The wraith misses you.
You hit the wraith but do no damage.
The wraith is moderately damaged.
You hit the wraith but do no damage.
The wraith is moderately damaged.
The wraith misses you.
You barely miss the wraith.
The wraith is lightly damaged.
The wraith misses you.
Casting: Confuse
Confirm with . or Enter, or press ? or * to list all spells.
Aiming: Confuse
Press: ? - help, Shift-Dir - straight line, f/p - wraith
Aim: a wraith (lightly damaged, chance to defeat MR: 26%)
The wraith easily resists.
The wraith barely misses you. The wraith closely misses you.
The wraith hits you!
* * * LOW HITPOINT WARNING * * *
The wraith hits you.
You die...

######## #......#
#.####.# #####
#.####.###...########
#........#...@.<....#
#........#..W######.#
#........##.## #.#
#...........# #.#
##(......#### #.#
#.......# #.##
#.......# #..#
#.......####### ##.#
#.##.##.#.....# #.#


You could see a wraith.

Vanquished Creatures
  A death knight (D:11)
  2 hill giants (D:10)
  A cyclops (D:11)
  2 ugly things (D:11)
  A gargoyle (D:10)
  A freezing wraith (D:11)
  2 trolls (D:9)
  A wyvern (D:10)
  11 yaks (D:9)
  A shadow (D:11)
  A wraith (D:11)
  A vampire mosquito (D:11)
  A hippogriff (D:11)
  2 basilisks (D:9)
  A soldier ant (D:10)
  4 porcupines (D:9)
  Duvessa (D:7)
  6 orc warriors
  A phantom (D:6)
  The ghost of Trailerpark the Ogre Mage, an amateur OgSu of Okawaru (D:3)
  2 sky beasts
  2 necrophages
  5 ogres
  5 centaurs
  6 crocodiles
  5 giant frogs
  Dowan (D:7)
  3 scorpions
  3 howler monkeys
  2 electric eels (D:7)
  5 crimson imps
  3 centaur zombies
  2 quasits
  A giant frog zombie (D:11)
  4 orc priests
  7 hounds
  2 jellies
  3 centaur skeletons
  Crazy Yiuf (D:4)
  2 giant frog skeletons
  An iguana (D:6)
  Ijyb (D:2)
  12 orc wizards
  8 worker ants
  2 hound skeletons
  2 worker ant zombies
  4 gnolls (D:7)
  A howler monkey skeleton (D:8)
  11 adders
  3 river rats (D:9)
  2 shadow imps
  2 oozes (D:1)
  2 worms (D:2)
  5 dart slugs
  7 giant geckos
  38 orcs
  3 ball pythons (D:2)
  6 bats
  8 giant cockroaches
  10 goblins
  9 hobgoblins
  18 jackals
  10 kobolds
  5 quokkas
  A giant gecko zombie (D:8)
  3 giant newts
  A jackal skeleton (D:8)
  11 rats
292 creatures vanquished.

Vanquished Creatures (collateral kills)
  An ogre (D:6)
  An orc (D:8)
2 creatures vanquished.

Vanquished Creatures (others)
  A dancing weapon (D:6)
  A crimson imp (D:7)
  A bush (D:9)
  4 fungi (D:9)
  9 plants (D:9)
16 creatures vanquished.

Grand Total: 310 creatures vanquished

Notes
Turn   | Place    | Note
-------+----------+-------------------------------------------
     0 | D:1      | Trailerpark the Vampire Enchanter began the quest for the Orb.
     0 | D:1      | Reached XP level 1. HP: 13/13 MP: 3/3
   295 | D:1      | Reached skill level 5 in Hexes
   484 | D:1      | Reached XP level 2. HP: 19/19 MP: 5/5
   488 | D:1      | Learned a level 2 spell: Ensorcelled Hibernation
  1273 | D:1      | Reached XP level 3. HP: 23/24 MP: 4/6
  1339 | D:1      | Learned a level 3 spell: Confuse
  2085 | D:2      | Reached skill level 5 in Stealth
  2085 | D:2      | Reached XP level 4. HP: 30/30 MP: 7/7
  2112 | D:2      | Noticed Ijyb
  2119 | D:2      | Killed Ijyb
  2937 | D:3      | Noticed Trailerpark's ghost (amateur OgSu)
  3089 | D:3      | Reached XP level 5. HP: 32/35 MP: 8/8
  3616 | D:3      | Killed Trailerpark's ghost
  4256 | D:3      | Reached XP level 6. HP: 19/41 MP: 3/9
  4548 | D:4      | Found a sparkling altar of Nemelex Xobeh.
  4671 | D:4      | Found a runed door.
  4791 | D:4      | Noticed Crazy Yiuf
  4799 | D:4      | Killed Crazy Yiuf
  4993 | D:4      | Learned a level 3 spell: Tukima's Dance
  5144 | D:4      | Found a sacrificial altar of Ru.
  5332 | D:5      | Entered Level 5 of the Dungeon
  5403 | D:5      | Reached skill level 5 in Short Blades
  5403 | D:5      | Reached XP level 7. HP: 46/46 MP: 10/10
  5665 | D:5      | Found a blossoming altar of Fedhas.
  5731 | D:5      | Found a shattered altar of Ashenzari.
  6547 | D:6      | Reached XP level 8. HP: 43/52 MP: 8/11
  7406 | D:6      | Reached skill level 5 in Dodging
  7462 | D:6      | Found a white marble altar of Elyvilon.
  8551 | D:7      | Noticed Duvessa
  8554 | D:7      | Noticed Dowan
  8576 | D:7      | Reached XP level 9. HP: 53/57 MP: 4/12
  8785 | D:7      | Killed Duvessa
  8864 | D:7      | Found an ancient bone altar of Kikubaaqudgha.
  8893 | D:7      | Found a stormy altar of Qazlal.
  9346 | D:7      | Found a shadowy altar of Dithmenos.
  9364 | D:7      | Killed Dowan
  9412 | D:7      | Found a snail-covered altar of Cheibriados.
  9441 | D:7      | Found a staircase to the Ecumenical Temple.
  9452 | Temple   | Entered the Ecumenical Temple
  9643 | Temple   | Became a worshipper of Uskayaw the Reveler
  9662 | D:7      | Reached * piety under Uskayaw
  9686 | D:7      | Reached ** piety under Uskayaw
  9697 | D:7      | Learned a level 3 spell: Dazzling Spray
 10339 | D:8      | Reached skill level 10 in Dodging
 10511 | D:8      | Found Ypaixkog's Magic Scroll Shoppe.
 10939 | D:8      | Reached *** piety under Uskayaw
 11047 | D:8      | Found a hazy altar of Hepliaklqana.
 11337 | D:9      | Found a staircase to the Lair.
 11337 | D:9      | Noticed a troll
 11362 | D:9      | Reached skill level 1 in Fighting
 11362 | D:9      | Reached XP level 10. HP: 22/65 MP: 13/13
 11372 | D:9      | Reached **** piety under Uskayaw
 11376 | D:9      | Reached skill level 1 in Invocations
 11378 | D:9      | Reached ***** piety under Uskayaw
 11869 | D:9      | Reached skill level 5 in Invocations
 12594 | D:9      | Found a bloodstained altar of Trog.
 12684 | D:10     | Entered Level 10 of the Dungeon
 13072 | D:10     | Noticed a hill giant
 13079 | D:10     | Killed a hill giant
 13079 | D:10     | Reached XP level 11. HP: 73/73 MP: 17/17
 13106 | D:10     | Found Ciennita's Gadget Boutique.
 13235 | D:10     | Noticed a hill giant
 13250 | D:10     | Killed a hill giant
 14053 | D:11     | Noticed a brown ugly thing
 14056 | D:11     | Killed a brown ugly thing
 14109 | D:11     | Noticed a white ugly thing
 14116 | D:11     | Killed a white ugly thing
 14329 | D:11     | Noticed a skeletal warrior
 14330 | D:11     | Noticed a death knight
 14363 | D:11     | Noticed a hill giant
 14808 | D:11     | Killed a death knight
 14808 | D:11     | Reached skill level 10 in Stealth
 15439 | D:11     | Slain by a wraith

Vault maps used:
D:1:      tarquinn_simple_flora_water_d
D:2:      corexii_hall_statues_l, uniq_iyjb
D:3:      first_bread
D:4:      overflow_temple_1_default, kennysheep_mini_moat,
          uniq_crazy_yiuf_cottage
D:5:      kennysheep_little_box, fedhas_altar_1
D:6:      elyvilon_altar_5
D:7:      kiku_gazebo_pond_becter, lemuel_doored_altar, old_standard_altar,
          grunt_ogre_cave, serial_bayou_pond_b, nicolae_dithmenos_the_darkroom,
          uniq_duvessa
D:8:      kennysheep_mini, serial_shops, shop
D:9:      bloody_trog, minmay_lair_entry_grove
D:10:     serial_shops, nicolae_shop_crystal
D:11:     minmay_diamond_stairs
D:12:     zombieorc1_lemuel, uniq_nergalle
Temple:   chequers_temple_sunken

Skill      XL: |  1  2  3  4  5  6  7  8  9 10 11 |
---------------+----------------------------------+-----
Hexes          | 5 6 8 |  8.1
Stealth        | 5 6 11 | 11.2
Short Blades   | 5 8 9 |  9.1
Dodging        | 6 11 | 11.1
Fighting       | 1 2 |  2.4
Invocations    | 8 9 |  9.3
Spellcasting   | |  2.0

Action                   |  1- 3 |  4- 6 |  7- 9 | 10-12 || total
-------------------------+-------+-------+-------+-------++-------
Melee: Dagger            |   153 |   241 |   486 |   291 ||  1171
       Bite              |    11 |    11 |    46 |    32 ||   100
       Short sword       |       |       |   113 |       ||   113
 Cast: Corona            |     3 |     2 |     8 |     1 ||    14
       Ensorcelled Hiber |    19 |    23 |    22 |    25 ||    89
       Confuse           |     1 |     6 |    44 |    26 ||    77
       Tukima's Dance    |       |       |     5 |       ||     5
       Dazzling Spray    |       |       |     1 |    40 ||    41
Invok: Stomp             |       |       |     1 |       ||     1
 Abil: End Transformatio |       |       |       |     2 ||     2
       Bat Form          |       |       |       |     2 ||     2
  Use: Potion            |     2 |     6 |    10 |     6 ||    24
       Scroll            |       |     2 |       |     4 ||     6
 Stab: Sleeping          |    18 |    28 |    24 |    21 ||    91
       Confused          |       |     5 |    24 |    14 ||    43
       Distracted        |       |       |     3 |     1 ||     4
       Paralysed         |       |       |     3 |     5 ||     8
       Invisible         |       |       |       |    11 ||    11
Armor: Robe              |    33 |    87 |    66 |    25 ||   211
Dodge: Dodged            |   122 |   206 |   300 |   188 ||   816
